 Dungeon Crawl Stone Soup version 0.31.0-1-g2c135a008e (webtiles) character file.

Game seed: 5178688051101644254

1760 qw the Shooter (level 9, -7/65 HPs)
             Began as a Djinni Hunter on Jan 24, 2024.
             Was a Believer of Okawaru.
             Mangled by an orc warrior
             ... wielding a +0 long sword
              (19 damage)
             ... on level 7 of the Dungeon.
             The game lasted 00:00:19 (4196 turns).

qw the Shooter (Djinni Hunter)                      Turns: 4196, Time: 00:00:20

Health: -7/65      AC:  5    Str: 10    XL:     9   Next: 27%
Gold:   65         EV: 14    Int: 11    God:    Okawaru [**....] SH:  0 Dex: 27

rFire   + + .        b - +2 orcbow
rCold   x . .        (shield currently unavailable)
rNeg    . . .        a - +0 ring mail
rPois   inf          (no helmet)
rElec   .            (no cloak)
rCorr   .            (no gloves)
SInv    .            (boots unavailable)
Will    .....        (no amulet)
Stlth   ++           e - +6 ring of dexterity
HPRegen 0.30/turn    (no ring)
MPRegen 0.00/turn

%: infuse magic (-8 HP)
@: flying
A: sickness immunity, fire resistance 2, cold vulnerability 1, float, innate
caster, HP casting, extra vitality 1
a: Renounce Religion, Heroism


You were on level 7 of the Dungeon.
You worshipped Okawaru.
Okawaru was pleased with you.
You visited 2 branches of the dungeon, and saw 7 of its levels.

You collected 296 gold pieces.
You spent 231 gold pieces at shops.


Innate Abilities, Weirdness & Mutations

You are immune to sickness and miasma.
You are immune to poison.
Your flesh is very heat resistant. (rF++)
You are vulnerable to cold. (rC-)
You float through the air rather than walking.
You learn spells naturally, not from books.
Your magical power is your life essence.
You have superior vitality. (+4 MHP)


   Skills:
 - Level 5.4 Fighting
 + Level 7.1 Ranged Weapons
 - Level 1.1 Armour
 - Level 5.6 Dodging
 - Level 0.7 Stealth
 - Level 4.2 Invocations


You knew the following spells:

 Your Spells              Type           Power      Damage    Failure   Level
a - Necrotise             Necr           0%         1d4       65%         1
b - Blink                 Tloc           0%         N/A       80%         2
c - Scorch                Fire           0%         2d5       80%         2
d - Airstrike             Air            0%         2d(0-16)  100%        4
Your spell library was empty.

Inventory:

Hand Weapons
 b - a +2 orcbow (weapon)
Armour
 a - a +0 ring mail (worn)
 j - a +0 cloak of preservation
 n - a +2 pair of gloves
Jewellery
 e - a +6 ring of dexterity (left hand)
Wands
 d - a wand of flame (17)
 m - a wand of roots (4)
Scrolls
 c - 3 scrolls of identify
 l - a scroll of amnesia {unknown}
 o - a scroll of enchant armour
Potions
 f - a potion of might
 g - a potion of ambrosia
 h - a potion of haste {unknown}
 i - 3 potions of enlightenment
 k - a potion of mutation {unknown}

Dungeon Overview and Level Annotations

Branches:
Dungeon (5/15)             Temple (1/1) D:4

Altars:
Ashenzari
Cheibriados
Dithmenos
Elyvilon
Fedhas
Gozag
Hepliaklqana
Makhleb
Nemelex Xobeh
Okawaru
Qazlal
Ru
Trog
Wu Jian
Xom
Yredelemnul
Zin
The Shining One

Shops:
D:7 *

Annotations:
D:5 1 transporter, qw's ghost, novice GrHu


Message History

The sky beast barely misses you.
You shoot an arrow. The arrow hits the sky beast.
The sky beast is severely wounded.
The sky beast barely misses you.
You shoot an arrow. The arrow barely misses the sky beast.
The arrow barely misses the orc warrior.
The sky beast completely misses you. The sky beast closely misses you.
You shoot an arrow. The arrow closely misses the sky beast.
The arrow hits the orc warrior but does no damage.
The orc warrior is moderately wounded.
You hear the brisk hiss of a distant avalanche of sand.
The sky beast barely misses you.
You shoot an arrow. The arrow hits the sky beast.
The sky beast is almost dead.
The sky beast hits you. The sky beast shocks you.
You shoot an arrow. The arrow hits the sky beast!
You kill the sky beast!
Okawaru accepts your kill. The orc warrior barely misses you.
Your Fighting skill increases to level 5!
You shoot an arrow.
The arrow closely misses the orc warrior.
The arrow hits the orc!
You kill the orc!
Okawaru accepts your kill.
The orc warrior hits you with a +0 long sword!
You shoot an arrow.
The arrow closely misses the orc warrior.
The orc warrior hits you with a +0 long sword!
You shoot an arrow.
The arrow closely misses the orc warrior.
The orc warrior misses you.
You shoot an arrow.
The arrow barely misses the orc warrior.
The orc warrior hits you with a +0 long sword.
The orc warrior hits you with a +0 long sword!
You shoot an arrow.
The arrow closely misses the orc warrior.
The orc warrior hits you with a +0 long sword!!
You die...

#### ...# ...##########
.....^......########
...##...........@o)############
......#####.######............#
[.##### #.# ############)# '#.#
####.# .# .#######....# o#
.#.......#..# ..
>#######....### .. .# ##.....#
... .# #.###.# ...


You could see an orc warrior.

Vanquished Creatures
  Maurice (D:7)
  Sigmund (D:2)
  A water moccasin (D:7)
  A sky beast (D:7)
  A black bear (D:4)
  2 ogres
  A scorpion (D:4)
  A howler monkey (D:7)
  A bombardier beetle (D:5)
  2 orc priests
  A hound (D:5)
  2 jellies
  6 iguanas
  Ijyb (D:3)
  A sleepcap (D:5)
  5 orc wizards
  A gnoll (D:4)
  3 adders
  A white imp (D:7)
  3 ribbon worms
  A dart slug (D:1)
  22 orcs
  9 ball pythons
  8 endoplasms
  4 giant cockroaches
  4 goblins
  8 hobgoblins
  5 jackals
  7 kobolds
  3 quokkas
  2 bats
  A rat (D:1)
110 creatures vanquished.

Notes
Turn   | Place    | Note
-------+----------+-------------------------------------------
     0 | D:1      | qw the Djinni Hunter began the quest for the Orb.
     0 | D:1      | Reached XP level 1. HP: 18/18 MP: 0/0
     0 | D:1      | 0 ||| qw: Version: 0.3-a-136-gdd3b4e8
     0 | D:1      | 0 ||| qw: Game counter: 1392
     0 | D:1      | 0 ||| qw: Melee chars always use a shield: true
     0 | D:1      | 0 ||| qw: God list: Okawaru
     0 | D:1      | 0 ||| qw: Allow faded altars: false
     0 | D:1      | 0 ||| qw: Do Orc after clearing Dungeon:15 true
     0 | D:1      | 0 ||| qw: Do second Lair branch before Depths: true
     0 | D:1      | 0 ||| qw: Lair rune preference: random
     0 | D:1      | 0 ||| qw: Goals: Normal
     0 | D:1      | 0 ||| PLANNING D:1-11
    76 | D:1      | Reached XP level 2. HP: 23/23 MP: 0/0
   188 | D:1      | Reached skill level 4 in Ranged Weapons
   188 | D:1      | Reached XP level 3. HP: 27/28 MP: 0/0
   188 | D:1      | Learned a level 1 spell: Necrotise
   308 | D:1      | 308 ||| UPGRADING to +6 ring of dexterity.
   309 | D:1      | 309 ||| READING scroll labelled DIOLUE REOS.
   313 | D:1      | 313 ||| READING scroll labelled DEGOTW WEUGIM.
   314 | D:1      | 314 ||| READING scroll labelled HISENY ETYTSEZ.
   314 | D:1      | 314 ||| ENCHANTING +0 shortbow.
   315 | D:1      | 315 ||| READING scroll labelled CUNUWNOIFF.
   316 | D:1      | 316 ||| DROPPING scroll of butterflies.
   628 | D:2      | Found a shimmering altar of Xom.
   641 | D:2      | Noticed Sigmund
   652 | D:2      | Killed Sigmund
   653 | D:2      | Reached XP level 4. HP: 12/33 MP: 0/0
   653 | D:2      | Reached XP level 5. HP: 14/38 MP: 0/0
   653 | D:2      | Learned a level 2 spell: Blink
   653 | D:2      | Reached XP level 6. HP: 15/43 MP: 0/0
   653 | D:2      | 653 ||| FLEEEEING.
   654 | D:2      | 654 ||| FLEEEEING.
   655 | D:2      | 655 ||| FLEEEEING.
   838 | D:2      | Identified the +8 chain mail "Duemma" {rC+ Will+ Str+2
                  | Int+3}
  1052 | D:2      | 1052 ||| READING scroll labelled CYLOAG LAD.
  1052 | D:2      | 1052 ||| ENCHANTING +1 shortbow.
  1053 | D:2      | 1053 ||| READING scroll labelled BAMUOBB FI WIU.
  1080 | D:3      | 1080 ||| STAIRDANCE
  1092 | D:3      | 1092 ||| STAIRDANCE
  1102 | D:2      | HP: 11/44 [orc/+0 hand axe (4)]
  1103 | D:2      | 1103 ||| READING scroll of teleportation.
  1264 | D:3      | 1264 ||| STAIRDANCE
  1320 | D:3      | 1320 ||| STAIRDANCE
  1335 | D:3      | 1335 ||| SWAPPING to +0 orcbow.
  1336 | D:3      | 1336 ||| DROPPING +1 shortbow.
  1396 | D:3      | Reached skill level 3 in Fighting
  1397 | D:3      | 1397 ||| FLEEEEING.
  1398 | D:3      | 1398 ||| FLEEEEING.
  1399 | D:3      | 1399 ||| FLEEEEING.
  1400 | D:3      | 1400 ||| FLEEEEING.
  1401 | D:3      | 1401 ||| FLEEEEING.
  1402 | D:3      | 1402 ||| FLEEEEING.
  1403 | D:3      | 1403 ||| FLEEEEING.
  1404 | D:3      | 1404 ||| FLEEEEING.
  1405 | D:3      | 1405 ||| FLEEEEING.
  1409 | D:3      | 1409 ||| DRINKING dark potion.
  1420 | D:3      | HP: 6/46 [frozen (7)]
  1741 | D:3      | Noticed Ijyb
  1746 | D:3      | Killed Ijyb
  1867 | D:3      | 1867 ||| DROPPING scarf of shadows.
  1868 | D:3      | 1868 ||| READING 2 scrolls labelled XET MITAYJIR.
  1868 | D:3      | 1868 ||| IDENTIFYING red potion
  1869 | D:3      | 1869 ||| READING scroll of identify.
  1869 | D:3      | 1869 ||| IDENTIFYING yellow potion
  1870 | D:3      | 1870 ||| DRINKING 3 coppery potions.
  1871 | D:3      | 1871 ||| DROPPING potion of degeneration.
  1927 | D:4      | Noticed an ogre
  1930 | D:4      | Killed an ogre
  1931 | D:4      | Reached XP level 7. HP: 50/50 MP: 0/0
  1931 | D:4      | Learned a level 2 spell: Scorch
  1946 | D:4      | Reached skill level 5 in Ranged Weapons
  1946 | D:4      | 1946 ||| FLEEEEING.
  1948 | D:4      | 1948 ||| FLEEEEING.
  1952 | D:4      | 1952 ||| FLEEEEING.
  1953 | D:4      | 1953 ||| FLEEEEING.
  1954 | D:4      | 1954 ||| FLEEEEING.
  1955 | D:4      | 1955 ||| FLEEEEING.
  1959 | D:4      | 1959 ||| FLEEEEING.
  1960 | D:4      | 1960 ||| FLEEEEING.
  1961 | D:4      | 1961 ||| FLEEEEING.
  1962 | D:4      | 1962 ||| FLEEEEING.
  1963 | D:4      | 1963 ||| FLEEEEING.
  1964 | D:4      | 1964 ||| FLEEEEING.
  1965 | D:4      | 1965 ||| FLEEEEING.
  1966 | D:4      | 1966 ||| FLEEEEING.
  1967 | D:4      | 1967 ||| FLEEEEING.
  1968 | D:4      | 1968 ||| FLEEEEING.
  1969 | D:4      | 1969 ||| FLEEEEING.
  1970 | D:4      | 1970 ||| FLEEEEING.
  1971 | D:4      | 1971 ||| FLEEEEING.
  1972 | D:4      | 1972 ||| FLEEEEING.
  1973 | D:4      | 1973 ||| FLEEEEING.
  1974 | D:4      | 1974 ||| STAIRDANCE
  2087 | D:4      | 2087 ||| STAIRDANCE
  2265 | D:4      | Found a staircase to the Ecumenical Temple.
  2266 | D:4      | 2266 ||| PLANNING TEMPLE
  2266 | D:4      | 2266 ||| UPGRADING to +0 ring mail.
  2276 | D:4      | 2276 ||| DROPPING +0 leather armour.
  2277 | D:4      | 2277 ||| READING 2 scrolls labelled MOOGAGG JEAXKUM.
  2278 | D:4      | 2278 ||| DROPPING scroll of revelation.
  2287 | Temple   | Entered the Ecumenical Temple
  2288 | Temple   | 2288 ||| PLANNING OKAWARU WORSHIP
  2307 | Temple   | Became a worshipper of Warmaster Okawaru
  2308 | Temple   | 2308 ||| PLANNING D:1-11
  2338 | D:4      | 2338 ||| FLEEEEING.
  2343 | D:4      | 2343 ||| DRINKING potion of curing.
  2343 | D:4      | 2343 ||| (to cure confusion)
  2350 | D:4      | HP: 12/51 [orc wizard/+0 dagger (3)]
  2351 | D:4      | Reached skill level 1 in Armour
  2351 | D:4      | 2351 ||| READING scroll of teleportation.
  2759 | D:4      | Reached XP level 8. HP: 53/58 MP: 0/0
  2806 | D:4      | Identified the +1 robe "Ighaigayn" {+Blink MP+9 Str-2}
  3144 | D:4      | 3144 ||| DROPPING +1 robe "Ighaigayn" {+Blink MP+9 Str-2}.
  3145 | D:4      | 3145 ||| READING scroll of identify.
  3145 | D:4      | 3145 ||| IDENTIFYING glowing sapphire potion
  3211 | D:5      | Entered Level 5 of the Dungeon
  3264 | D:5      | 3264 ||| RETREEEEATING.
  3276 | D:5      | Reached * piety under Okawaru
  3277 | D:5      | Reached skill level 6 in Ranged Weapons
  3277 | D:5      | HP: 14/58 [iguana (12)]
  3278 | D:5      | 3278 ||| DRINKING potion of heal wounds.
  3283 | D:5      | HP: 11/58 [ribbon worm (5)]
  3284 | D:5      | HP: 4/58 [iguana (6)]
  3292 | D:5      | HP: 1/58 [ribbon worm (6)]
  3534 | D:5      | Reached skill level 1 in Invocations
  3740 | D:5      | 3740 ||| READING scroll of enchant weapon.
  3740 | D:5      | 3740 ||| ENCHANTING +0 orcbow.
  3760 | D:5      | Found a transporter.
  3835 | D:5      | Noticed qw's ghost (novice GrHu)
  3836 | D:5      | 3836 ||| READING scroll of enchant weapon.
  3836 | D:5      | 3836 ||| ENCHANTING +1 orcbow.
  3845 | D:5      | You are sucked into a shaft and drop 2 floors!
  3889 | D:7      | 3889 ||| PLANNING OSSUARY
  3912 | D:7      | Noticed Maurice
  3913 | D:7      | 3913 ||| INVOKING Heroism.
  3913 | D:7      | Maurice stole 266 gold
  3920 | D:7      | HP: 12/58 [constriction (5)]
  3921 | D:7      | 3921 ||| DRINKING potion of heal wounds.
  3925 | D:7      | Killed Maurice
  3925 | D:7      | Reached ** piety under Okawaru
  3926 | D:7      | Reached skill level 7 in Ranged Weapons
  3926 | D:7      | Reached XP level 9. HP: 20/63 MP: 0/0
  3926 | D:7      | Learned a level 4 spell: Airstrike
  3999 | D:7      | Identified the +8 lajatang of Ru's Righteous Fury
                  | {antimagic, rC+ rN+ Dex-3}
  4108 | D:7      | Found Unogul's General Store.
  4116 | D:7      | 4116 ||| BUYING +2 pair of gloves (231 gold).
  4116 | D:7      | Bought a +2 pair of gloves for 231 gold pieces
  4174 | D:7      | 4174 ||| FLEEEEING.
  4175 | D:7      | 4175 ||| FLEEEEING.
  4176 | D:7      | 4176 ||| FLEEEEING.
  4177 | D:7      | 4177 ||| FLEEEEING.
  4178 | D:7      | 4178 ||| FLEEEEING.
  4179 | D:7      | 4179 ||| FLEEEEING.
  4180 | D:7      | 4180 ||| FLEEEEING.
  4181 | D:7      | 4181 ||| FLEEEEING.
  4183 | D:7      | 4183 ||| FLEEEEING.
  4184 | D:7      | 4184 ||| FLEEEEING.
  4185 | D:7      | 4185 ||| FLEEEEING.
  4186 | D:7      | 4186 ||| FLEEEEING.
  4195 | D:7      | HP: 11/65 [orc warrior/+0 long sword (14)]
  4196 | D:7      | Mangled by an orc warrior

Levels and vault maps discovered:
D:1:      lightli_arrival_maybe_door_vault, layout_rooms
D:2:      layout_loops_ring, basic_altar, minmay_tetromino_t2, uniq_sigmund
D:3:      layout_rooms, uniq_ijyb
D:4:      layout_loops_corners, minmay_temple_entry_junction_2, st_stairs_2,
          chequers_serial_rivers_micro_a, minmay_tree_intersection, nrook_uturn
D:5:      layout_cave_pools, gammafunk_ghost_hive, goddamned_bats
D:7:      layout_loops_ring, lemuel_zombie_altar_kikubaaqudgha, serial_shops,
          nicolae_shop_hallway_stairs, enter_ossuary_2, uniq_maurice
Temple:   mainiacjoe_temple_cubbyholes

Skill      XL: |  1  2  3  4  5  6  7  8  9 |
---------------+----------------------------+-----
Ranged Weapons | 4 5 7 |  7.1
Dodging        | 5 |  5.6
Fighting       | 3 4 5 |  5.4
Armour         | 1 |  1.1
Invocations    | 4 |  4.2
Stealth        | |  0.7

Action                     |  1- 3 |  4- 6 |  7- 9 || total
---------------------------+-------+-------+-------++-------
   Fire: Shortbow          |    63 |    54 |       ||   117
         Orcbow            |       |    44 |   201 ||   245
 Invoke: Heroism           |       |       |     1 ||     1
    Use: Scroll            |     4 |     5 |     5 ||    14
         Potion            |       |     2 |     3 ||     5
 Armour: Leather armour    |     5 |    57 |    18 ||    80
         Ring mail         |       |       |    76 ||    76
  Dodge: Dodged            |     8 |   129 |    72 ||   209

Table legend:
 A = Non-vault XP
 B = Vault XP
 C = Vault XP percentage of total XP
 D = Non-vault monster count
 E = Vault monster count
 F = Vault count percentage of total count
                 A         B        C        D         E       F
            +---------+---------+-------+---------+---------+-------
      Total |    1573 |     942 |  37.5 |     102 |       8 |   7.3
            +---------+---------+-------+---------+---------+-------
        D:1 |      34 |       0 |   0.0 |      17 |       0 |   0.0
        D:2 |      42 |     245 |  85.4 |      20 |       2 |   9.1
        D:3 |     117 |      36 |  23.5 |      15 |       1 |   6.2
        D:4 |     460 |     141 |  23.5 |      18 |       4 |  18.2
        D:5 |     445 |       0 |   0.0 |      20 |       0 |   0.0
        D:7 |     475 |     520 |  52.3 |      12 |       1 |   7.7
            +---------+---------+-------+---------+---------+-------
